 Dungeon Crawl Stone Soup version 0.25-a0-632-g7713895373 (webtiles) character file.

Game seed: 8365514341136517988, levelgen mode: deterministic

398 mopl the Stinger (level 6, -4/45 HPs)
             Began as a Draconian Venom Mage on Mar 19, 2020.
             Slain by an iguana (13 damage)
             ... on level 6 of the Dungeon.
             The game lasted 00:07:04 (2699 turns).

mopl the Stinger (Draconian Venom Mage)             Turns: 2699, Time: 00:07:04

Health: -4/45      AC:  6    Str: 10    XL:     6   Next: 53%
Magic:  1/11       EV: 12    Int: 17    God:
Gold:   191        SH:  0    Dex: 12    Spells: 2/12 levels left

rFire    . . .     SeeInvis .   o - +2 dagger (venom)
rCold    . . .     Gourm    .   (no shield)
rNeg     . . .     Faith    .   (armour unavailable)
rPois    .         Spirit   .   (helmet restricted)
rElec    .         Reflect  .   (no cloak)
rCorr    +         Harm     .   (no gloves)
MR       .....                  (no boots)
Stlth    ++........             (no amulet)
HPRegen  0.15/turn              d - ring of resist corrosion
MPRegen  0.12/turn              (no ring)

@: no status effects
A: unfitting armour, cold-blooded, AC +6
a: no special abilities


You were on level 6 of the Dungeon.
You were hungry.

You visited 1 branch of the dungeon, and saw 5 of its levels.

You collected 191 gold pieces.

Inventory:

Hand Weapons
 h - a +1 spear
 o - a +2 dagger of venom (weapon)
 r - a +0 quarterstaff
Missiles
 j - 6 poisoned darts (quivered)
 p - 9 boomerangs
Jewellery
 d - a ring of resist corrosion (left hand)
Wands
 a - a wand of acid (8)
Scrolls
 c - a scroll of teleportation {unknown}
 e - 2 scrolls of enchant weapon
 g - 2 scrolls of remove curse {unknown}
 l - a scroll of blinking
 m - a scroll of magic mapping {unknown}
 q - a scroll of fog {unknown}
Potions
 f - 3 potions of stabbing {unknown}
 i - a potion of flight
 k - 2 potions of curing
 n - a potion of lignification {!q}
Comestibles
 b - 5 rations


   Skills:
 - Level 1.7 Dodging
 - Level 1.7 Stealth
 * Level 3.6 Spellcasting
 * Level 3.4 Transmutations
 + Level 1.6 Fire Magic
 + Level 2.0 Air Magic
 * Level 4.5 Poison Magic


You had 2 spell levels left.
You knew the following spells:

 Your Spells              Type           Power        Failure   Level  Hunger
a - Sting                 Tmut/Pois      ###.         3%          1    None
b - Poisonous Vapours     Pois/Air       ##....       6%          2    ##.....
g - Ignite Poison         Fire/Tmut/Pois ##......     13%         3    ###....
o - Olgreb's Toxic Radia  Pois           ###.....     24%         4    ####...

Your spell library contained the following spells:

 Spells                   Type           Power        Failure   Level  Hunger
 Animate Skeleton         Necr           N/A          17%         1    None
 Apportation              Tloc           #.....       17%         1    None
 Corona                   Hex            #......      17%         1    None
 Summon Small Mammal      Summ           #...         17%         1    None
 Mephitic Cloud           Conj/Pois/Air  ##......     21%         3    ###....
 Confusing Touch          Hex            #.......     45%         3    ###....
 Gell's Gravitas          Tloc           #.........   45%         3    ###....
 Petrify                  Tmut/Erth      #.......     63%         4    ####...
 Yara's Violent Unravell  Hex/Tmut       #.........   92%         5    ######.
 Metabolic Englaciation   Hex/Ice        #.........   99%         5    ######.


Dungeon Overview and Level Annotations

Branches:
Dungeon (4/15)
 Temple: D:4-7

Altars:
The Shining One


Innate Abilities, Weirdness & Mutations

Your plain brown scales are hard. (AC +6)
You cannot fit into any form of body armour.
You are cold-blooded and may be slowed by cold attacks.


Message History

Press: ? - help, Dir - move target cursor, f/p - iguana
Aim: an iguana Poisonous vapours surround the iguana!
The iguana is engulfed in poison gas.
The iguana is poisoned.
The iguana barely misses you.
You hit the iguana but do no damage.
The iguana looks even sicker.
The iguana is lightly wounded.
The iguana barely misses you. The frilled lizard closely misses you.
You hit the iguana but do no damage.
The iguana is heavily wounded.
The iguana closely misses you. The frilled lizard closely misses you.
You hit the iguana but do no damage.
The iguana looks as sick as possible!
The iguana is heavily wounded.
The iguana barely misses you. The frilled lizard closely misses you.
You barely miss the iguana.
The iguana is heavily wounded.
The iguana bites you!
* * * LOW HITPOINT WARNING * * *
The frilled lizard bites you but does no damage.
The iguana bites you!
You die...

... P†
##.. #P.
#.. #l#
#.# #l#
#.#
######.#
#.#
#....@l#
#.#
#.######
#.# #.#
##.###.#
#...##.##
#.......#
#...##..#
######).#
#..#


You could see an iguana, a leopard gecko and a frilled lizard.

Vanquished Creatures
  An ogre (D:4)
  2 bullfrogs (D:6)
  Ijyb (D:3)
  An orc wizard (D:3)
  4 adders
  2 oozes
  A worm (D:2)
  3 dart slugs
  3 leopard geckos (D:6)
  5 orcs
  3 giant cockroaches
  10 goblins
  7 hobgoblins
  6 jackals
  6 kobolds
  2 quokkas
  5 ball pythons (D:2)
  8 bats
  10 frilled lizards
  5 rats
  A fungus (D:2)
86 creatures vanquished.

Vanquished Creatures (others)
  A kobold (D:3)
1 creature vanquished.

Grand Total: 87 creatures vanquished

Notes
Turn   | Place    | Note
-------+----------+-------------------------------------------
     0 | D:1      | mopl the Draconian Venom Mage began the quest for the Orb.
     0 | D:1      | Reached XP level 1. HP: 14/14 MP: 3/3
   109 | D:1      | Reached XP level 2. HP: 17/20 MP: 0/5
   126 | D:1      | Learned a level 2 spell: Poisonous Vapours
   456 | D:1      | Reached XP level 3. HP: 24/26 MP: 6/6
   461 | D:1      | Learned a level 3 spell: Ignite Poison
   796 | D:2      | Reached skill level 2 in Transmutations
   796 | D:2      | Reached skill level 1 in Air Magic
  1192 | D:2      | Reached XP level 4. HP: 29/33 MP: 3/8
  1719 | D:3      | Reached skill level 3 in Spellcasting
  1719 | D:3      | Reached XP level 5. HP: 18/38 MP: 5/9
  1946 | D:3      | Learned a level 4 spell: Olgreb's Toxic Radiance
  2063 | D:3      | Reached skill level 4 in Poison Magic
  2120 | D:3      | Found a glowing golden altar of the Shining One.
  2300 | D:3      | Noticed Ijyb
  2309 | D:3      | Killed Ijyb
  2309 | D:3      | Reached skill level 1 in Fire Magic
  2421 | D:4      | Noticed an ogre
  2436 | D:4      | Killed an ogre
  2436 | D:4      | Reached skill level 3 in Transmutations
  2655 | D:4      | You fall into a shaft and drop 2 floors!
  2667 | D:6      | Reached XP level 6. HP: 31/45 MP: 5/11
  2671 | D:6      | Noticed a wraith
  2691 | D:6      | Reached skill level 2 in Air Magic
  2699 | D:6      | Slain by an iguana

Levels and vault maps discovered:
D:1:      matt_arrival_grand_opening, layout_basic, minmay_pentomino_v4
D:2:      layout_basic, minmay_misc_feat_four_crosses, minmay_shallow_snake_nest
D:3:      layout_loops_ring, nicolae_tso_swordbearing_angel, uniq_ijyb
D:4:      layout_cave_pods, first_ration
D:6:      layout_loops_ring, kennysheep_vampire_church, st_stairs_13,
          minmay_lizard_king

Skill      XL: |  1  2  3  4  5  6 |
---------------+-------------------+-----
Transmutations | 2 3 |  3.4
Air Magic      | 1 2 |  2.0
Spellcasting   | 3 |  3.6
Poison Magic   | 4 |  4.5
Fire Magic     | 1 |  1.6
Dodging        | |  1.7
Stealth        | |  1.7

Action                   |  1- 3 |  4- 6 || total
-------------------------+-------+-------++-------
Melee: Unarmed           |    31 |       ||    31
       Tailslap          |     4 |    12 ||    16
       Spear             |    54 |    60 ||   114
       Dagger            |       |    57 ||    57
 Cast: Sting             |    39 |    28 ||    67
       Poisonous Vapours |     4 |     4 ||     8
       Ignite Poison     |       |     1 ||     1
       Olgreb's Toxic Ra |       |     1 ||     1
  Use: Scroll            |       |     5 ||     5
 Stab: Sleeping          |     3 |     1 ||     4
       Distracted        |       |     1 ||     1
  Eat: Chunk             |     2 |     5 ||     7
Armor: Skin              |    49 |    24 ||    73
Dodge: Dodged            |    76 |    78 ||   154

Table legend:
 A = Non-vault XP
 B = Vault XP
 C = Vault XP percentage of total XP
 D = Non-vault monster count
 E = Vault monster count
 F = Vault count percentage of total count
                 A         B        C        D         E       F
            +---------+---------+-------+---------+---------+-------
      Total |     501 |      68 |  12.0 |      70 |      15 |  17.6
            +---------+---------+-------+---------+---------+-------
        D:1 |      46 |       7 |  13.2 |      25 |       4 |  13.8
        D:2 |      59 |      20 |  25.3 |      18 |       6 |  25.0
        D:3 |      94 |      31 |  24.8 |      23 |       1 |   4.2
        D:4 |     113 |       0 |   0.0 |       1 |       0 |   0.0
        D:6 |     189 |      10 |   5.0 |       3 |       4 |  57.1
            +---------+---------+-------+---------+---------+-------
